 Dungeon Crawl Stone Soup version 0.23-b1-49-g13d5857 (webtiles) character file.

Game seed: 11042213317534267006

18438 HEYYEYAAE the Quickloader (level 12, -6/87 HPs)
             Began as an Octopode Hunter on Feb 3, 2019.
             Was a High Priest of Okawaru.
             Killed from afar by a lava snake (28 damage)
             ... with a glob of lava
             ... on level 12 of the Dungeon.
             The game lasted 00:22:57 (16189 turns).

HEYYEYAAE the Quickloader (Octopode Hunter)        Turns: 16189, Time: 00:22:57

Health: -6/87      AC:  1    Str: 11    XL:     12   Next: 58%
Magic:  17/17      EV: 20    Int: 18    God:    Okawaru [*****.]
Gold:   606        SH:  0    Dex: 16    Spells: 11/11 levels left

rFire    . . .     SeeInvis .   r - +2 short sword (drain)
rCold    + . .     Gourm    .   (no shield)
rNeg     . . .     Faith    .   c - +0 hat "Ogublos" {Regen+}
rPois    .         Spirit   .   k - amulet of rage
rElec    .         Reflect  .   h - +3 ring of intelligence
rCorr    .         Harm     .   i - ring of wizardry
MR       .....                  b - ring of protection from cold
Stlth    +++.......             (no ring)
HPRegen  0.64/turn              (no ring)
MPRegen  0.15/turn              (no ring)
                                (no ring)
                                (no ring)

@: no status effects
A: almost no armour, stealthy swim, amphibious, 8 rings, constrict 8, camouflage
1, gelatinous body 1
a: Heroism, Finesse, Renounce Religion, Evoke Berserk Rage


You were on level 12 of the Dungeon.
You worshipped Okawaru.
Okawaru was extremely pleased with you.
You were hungry.

You visited 2 branches of the dungeon, and saw 13 of its levels.
You also visited: Sewer.

You collected 696 gold pieces.
You spent 90 gold pieces at shops.

Inventory:

Hand Weapons
 a - a +2 hand crossbow
 r - a +2 short sword of draining (weapon)
 H - a +2 hand crossbow of velocity
Missiles
 u - 26 bolts
Armour
 c - the +0 hat "Ogublos" (worn) {Regen+}
   (Okawaru gifted it to you on level 12 of the Dungeon)

   It increases your rate of regeneration.
Jewellery
 b - a ring of protection from cold (on tentacle)
 h - a +3 ring of intelligence (left tentacle)
 i - a ring of wizardry (right tentacle)
 k - an amulet of rage (around mantle)
 t - an uncursed amulet of faith
 w - an uncursed amulet of regeneration {unknown}
 x - an uncursed amulet of the gourmand {unknown}
 L - an uncursed ring of fire
Wands
 j - a wand of flame (15)
 q - a wand of random effects (1)
 F - a wand of polymorph (11)
Scrolls
 m - 4 scrolls of teleportation
 n - 6 scrolls of remove curse
 s - 2 scrolls of fear
 D - a scroll of random uselessness
 G - 2 scrolls of enchant armour
Potions
 e - 3 potions of curing
 f - 4 potions of degeneration
 g - 2 potions of mutation
 l - 2 potions of magic
 o - 5 potions of flight {unknown}
 p - 2 potions of haste {unknown}
 v - a potion of lignification {unknown}
 z - 3 potions of might {unknown}
 A - 4 potions of agility {unknown}
 B - 3 potions of brilliance {unknown}
 C - a potion of cancellation {unknown}
Comestibles
 d - 19 rations


   Skills:
 + Level 10.0 Fighting
 * Level 13.8 Crossbows
 + Level 10.0 Dodging
 - Level 1.3 Stealth
 + Level 6.7 Invocations


You had 11 spell levels left.
You didn't know any spells.
Your spell library was empty.

Dungeon Overview and Level Annotations

Branches:
Dungeon (12/15)            Temple (1/1) D:4            Lair (0/6) D:10
    Orc (0/2) D:10

Altars:
Ashenzari
Cheibriados
Dithmenos
Elyvilon
Fedhas
Gozag
Hepliaklqana
Kikubaaqudgha
Makhleb
Nemelex Xobeh
Okawaru
Qazlal
Ru
Sif Muna
Trog
Uskayaw
Vehumet
Wu Jian
Xom
Yredelemnul
Zin
The Shining One

Shops:
D:7 (   D:9 %


Innate Abilities, Weirdness & Mutations

You cannot wear most types of armour.
You are very stealthy in the water. (Stealth+)
You are amphibious.
You can wear up to eight rings at the same time.
You can use your tentacles to constrict eight enemies at once.
Your skin changes colour to match your surroundings (Stealth+).
Your rubbery body absorbs attacks. (AC +1, EV +1)


Message History

The yak barely misses you.
You hit the yak. You drain the yak. You squeeze the yak!
The yak is almost dead.
The yak gores you!
You barely miss the yak.
The yak is almost dead.
The yak completely misses you.
You hit the yak but do no damage. You drain the yak.
Your squeeze misses the yak.
The yak is almost dead.
The yak completely misses you. x2
You hit the yak.
You kill the yak!
Okawaru accepts your kill. The lava snake spits lava at you.
The glob of lava hits you!!
* * * LOW HITPOINT WARNING * * *
The lava snake spits lava at you. The glob of lava hits you!!
You die...

≈§≈..........≈≈§≈
§.....†......≈§≈≈≈.##
.............≈§≈≈≈..##
.............≈≈SS≈...##
...............§......##
......###..............#
......# #...............
......###...............
................@.......
........................
.###...................§≈≈≈≈##
## #.................§§§≈≈≈.##
# #...........(.....§§≈≈≈≈..##
##
##....###....###...§§≈≈≈≈...##
.###....# ##...#
#....§≈§§≈....# ........#
#...###..............
........##
##....................


You could see 2 lava snakes.

Vanquished Creatures
  Harold (D:11)
  2 two-headed ogres
  Pikel (D:6)
  A cyclops (D:12)
  4 ugly things
  A manticore (D:11)
  A molten gargoyle (D:12)
  Joseph (D:8)
  Psyche (D:11)
  A komodo dragon (D:10)
  A troll (D:11)
  4 hippogriffs
  A wraith (D:12)
  23 yaks
  A vampire (D:11)
  2 wyverns
  3 fire elementals
  Grum (D:8)
  A steam dragon (D:11)
  3 hungry ghosts
  Edmund (D:6)
  5 orc warriors
  2 slaves (D:6)
  A hornet zombie (D:10)
  A black bear (D:8)
  2 wolves (D:8)
  3 necrophages
  An ice beast (D:8)
  A sky beast (D:8)
  An eye of draining (D:9)
  5 ogres
  5 phantoms
  A crocodile (D:12)
  4 centaurs
  5 big kobolds
  A gnoll sergeant (D:12)
  A wyvern zombie (D:10)
  4 bullfrogs
  3 scorpions
  A wyvern skeleton (D:10)
  6 killer bees (D:8)
  4 wights (D:11)
  5 howler monkeys
  4 crimson imps
  2 bullfrog zombies
  2 centaur zombies (D:9)
  6 jellies
  6 orc priests
  6 hounds
  2 bullfrog skeletons
  2 centaur skeletons
  8 orc wizards
  7 iguanas
  8 worker ants
  3 hound zombies
  A worker ant zombie (D:10)
  7 gnolls
  A howler monkey skeleton (D:11)
  25 adders
  3 shadow imps
  6 oozes
  An adder zombie (D:7)
  4 adder skeletons
  5 worms
  2 dart slugs
  7 leopard geckos
  45 orcs
  2 giant cockroaches
  7 hobgoblins
  7 jackals
  22 kobolds
  6 quokkas
  7 ball pythons
  11 bats
  2 frilled lizards
  8 goblins
  8 rats
360 creatures vanquished.

Vanquished Creatures (others)
  An ogre (D:11)
  A quokka (D:4)
2 creatures vanquished.

Grand Total: 362 creatures vanquished

Notes
Turn   | Place    | Note
-------+----------+-------------------------------------------
     0 | D:1      | HEYYEYAAE the Octopode Hunter began the quest for the Orb.
     0 | D:1      | Reached XP level 1. HP: 14/14 MP: 1/1
   281 | D:1      | Reached XP level 2. HP: 19/19 MP: 2/2
  1162 | D:2      | Reached XP level 3. HP: 8/25 MP: 3/3
  1558 | D:2      | Found a sparkling altar of Nemelex Xobeh.
  1559 | D:2      | Found an opulent altar of Gozag.
  1601 | D:2      | Found a shimmering altar of Xom.
  1758 | D:2      | Found a hazy altar of Hepliaklqana.
  1804 | D:3      | Reached XP level 4. HP: 30/30 MP: 4/4
  2161 | D:3      | Reached skill level 5 in Crossbows
  2579 | D:3      | Reached XP level 5. HP: 36/36 MP: 5/5
  3268 | D:4      | Noticed a necrophage
  3357 | D:4      | Reached XP level 6. HP: 27/42 MP: 6/6
  3556 | D:4      | Reached skill level 6 in Crossbows
  3562 | D:4      | Found a staircase to the Ecumenical Temple.
  3590 | Temple   | Entered the Ecumenical Temple
  3793 | Temple   | Became a worshipper of Warmaster Okawaru
  3858 | D:4      | Reached XP level 7. HP: 36/47 MP: 7/7
  3961 | D:4      | Found a white marble altar of Elyvilon.
  4209 | D:4      | Found a shattered altar of Ashenzari.
  4482 | D:5      | Entered Level 5 of the Dungeon
  4516 | D:5      | Reached * piety under Okawaru
  4516 | D:5      | Reached skill level 7 in Crossbows
  4572 | D:5      | Found a glowing drain.
  4585 | Sewer    | Entered a sewer
  4715 | Sewer    | Reached XP level 8. HP: 36/53 MP: 8/8
  4854 | Sewer    | Reached skill level 5 in Fighting
  5104 | Sewer    | Reached skill level 5 in Dodging
  5419 | D:5      | Found a shimmering altar of Xom.
  5430 | D:5      | Reached skill level 8 in Crossbows
  5488 | D:5      | Reached ** piety under Okawaru
  5599 | D:5      | Found a blossoming altar of Fedhas.
  6532 | D:5      | Reached XP level 9. HP: 13/62 MP: 9/9
  6844 | D:5      | Found Zin's Purification Station.
  6851 | D:5      | Found a glowing silver altar of Zin.
  6854 | D:5      | Bought a potion of curing for 90 gold pieces
  6888 | D:5      | Reached skill level 9 in Crossbows
  7370 | D:6      | Noticed Pikel
  7406 | D:6      | Killed Pikel
  7406 | D:6      | Reached *** piety under Okawaru
  7615 | D:6      | Noticed Edmund
  7630 | D:6      | Killed Edmund
  7630 | D:6      | Reached skill level 10 in Crossbows
  7731 | D:7      | Received a gift from Okawaru
  7861 | D:7      | Found a hide-covered altar of Uskayaw.
  8074 | D:7      | Reached XP level 10. HP: 62/71 MP: 10/10
  8280 | D:7      | Found Sitausho's Weapon Shop.
  8337 | D:8      | Reached **** piety under Okawaru
  8438 | D:8      | Found a sacrificial altar of Ru.
  9407 | D:8      | Noticed Grum
  9419 | D:8      | Reached skill level 11 in Crossbows
  9424 | D:8      | Killed Grum
  9767 | D:8      | Noticed Joseph
  9992 | D:8      | Noticed a two-headed ogre
 10003 | D:8      | Killed a two-headed ogre
 10003 | D:8      | Reached skill level 1 in Invocations
 10006 | D:8      | Reached ***** piety under Okawaru
 10174 | D:8      | Killed Joseph
 10582 | D:9      | Received a gift from Okawaru
 10600 | D:9      | Reached XP level 11. HP: 60/78 MP: 13/13
 10613 | D:9      | Reached skill level 12 in Crossbows
 10876 | D:9      | Found Dunutid's Food Shoppe.
 11453 | D:9      | Received a gift from Okawaru
 11562 | D:10     | Entered Level 10 of the Dungeon
 12198 | D:10     | Found a staircase to the Orcish Mines.
 12919 | D:10     | Found a staircase to the Lair.
 13792 | D:11     | Noticed a brown ugly thing
 13809 | D:11     | Killed a brown ugly thing
 13902 | D:11     | Reached skill level 5 in Invocations
 13979 | D:11     | Noticed a white ugly thing
 14001 | D:11     | Received a gift from Okawaru
 14138 | D:11     | Noticed Harold
 14158 | D:11     | Killed Harold
 14158 | D:11     | Reached skill level 13 in Crossbows
 14310 | D:11     | Noticed a two-headed ogre
 14319 | D:11     | Killed a two-headed ogre
 14319 | D:11     | Reached XP level 12. HP: 86/86 MP: 16/16
 14823 | D:11     | Noticed Psyche
 14829 | D:11     | Killed Psyche
 15226 | D:12     | Found a stormy altar of Qazlal.
 15348 | D:12     | Received a gift from Okawaru
 15811 | D:12     | Reached skill level 10 in Fighting
 15834 | D:11     | Reached skill level 10 in Dodging
 16104 | D:12     | Got a spiked hat {god gift}
 16110 | D:12     | Identified the +0 hat "Ogublos" {Regen+} (Okawaru gifted it
                  | to you on level 12 of the Dungeon)
 16189 | D:12     | Killed from afar by a lava snake

Skill      XL: |  1  2  3  4  5  6  7  8  9 10 11 12 |
---------------+-------------------------------------+-----
Crossbows      | 5 6 7 8 10 11 13 | 13.8
Fighting       | 3 4 5 7 8 9 10 | 10.0
Dodging        | 3 4 5 7 8 9 10 | 10.0
Invocations    | 2 5 6 |  6.7
Stealth        | |  1.3

Action                   |  1- 3 |  4- 6 |  7- 9 | 10-12 || total
-------------------------+-------+-------+-------+-------++-------
Melee: Short sword       |       |       |   120 |   286 ||   406
       Tentacles         |       |       |    26 |    56 ||    82
       Constrict         |       |       |    22 |    32 ||    54
 Fire: Hand crossbow     |    69 |   134 |   246 |   468 ||   917
 Abil: Evoke Berserk Rag |       |       |     1 |    15 ||    16
Evoke: Wand              |       |       |     9 |    31 ||    40
  Use: Potion            |     2 |     1 |     3 |     5 ||    11
       Scroll            |       |     7 |     5 |    11 ||    23
 Stab: Distracted        |       |       |     1 |       ||     1
       Sleeping          |       |       |     2 |     1 ||     3
       Paralysed         |       |       |       |     6 ||     6
  Eat: Chunk             |     3 |     4 |    13 |    31 ||    51
       Ration            |       |       |     1 |     3 ||     4
Armor: Skin              |     2 |       |     7 |    14 ||    23
Dodge: Dodged            |     7 |    41 |   210 |   416 ||   674
